 Dungeon Crawl Stone Soup version 0.27-a0-419-g7a85846853 (webtiles) character file.

Game seed: 5007546601697809570

209 Chiseanne the Skirmisher (level 5, 0/41 HPs)
             Began as a Demonspawn Wanderer on Feb 26, 2021.
             Killed by divine providence
             ... invoked by an orc priest
              (9 damage)
             ... on level 3 of the Dungeon.
             The game lasted 00:03:09 (2221 turns).

Chiseanne the Skirmisher (Demonspawn Wanderer)      Turns: 2221, Time: 00:03:10

Health: 0/41       AC:  5    Str: 11    XL:     5   Next: 55%
Magic:  6/6        EV: 11    Int: 16    God:
Gold:   65         SH:  0    Dex: 12    Spells: 5/6 levels left

rFire    . . .     SeeInvis .   n - +0 mace
rCold    . . .     Faith    .   (no shield)
rNeg     . . .     Spirit   .   i - +0 ring mail
rPois    .         Reflect  .   (no helmet)
rElec    .         Harm     .   (no cloak)
rCorr    .         Rampage  .   (no gloves)
Will     .....                  (no boots)
Stlth    +.........             (no amulet)
HPRegen  0.13/turn              (no ring)
MPRegen  0.10/turn              (no ring)

@: lethally poisoned (0 -> -1)
A: spiny 2
a: no special abilities


You were on level 3 of the Dungeon.
You visited 1 branch of the dungeon, and saw 3 of its levels.

You collected 65 gold pieces.

Inventory:

Hand Weapons
 n - a +0 mace (weapon)
Missiles
 a - 90 stones
 b - 8 poisoned darts (quivered)
 d - 23 arrows
 h - 8 atropa-tipped darts
 r - 25 sling bullets
Armour
 i - a +0 ring mail (worn)
Wands
 p - a wand of flame (43)
 s - a wand of random effects (5)
Scrolls
 g - a scroll of enchant weapon {unknown}
 j - a scroll of magic mapping {unknown}
 o - a scroll of blinking {unknown}
Potions
 c - 2 potions of heal wounds {unknown}
 f - a potion of cancellation {unknown}
 k - a potion of invisibility {unknown}
 l - 2 potions of resistance
 m - 2 potions of berserk rage
 q - a potion of lignification {unknown}
 t - a potion of curing
Miscellaneous
 e - a phial of floods (inert)


   Skills:
 * Level 3.1 Fighting
 * Level 2.2 Armour
 * Level 2.8 Dodging
 - Level 1.0 Spellcasting
 - Level 2.0 Conjurations
 - Level 2.6 Transmutations
 - Level 1.7 Ice Magic
 - Level 2.0 Evocations


You had 5 spell levels left.
You knew the following spells:

 Your Spells              Type           Power        Failure   Level
a - Magic Dart            Conj           28%          24%         1

Your spell library contained the following spells:

 Spells                   Type           Power        Failure   Level
 Corpse Rot               Necr/Air       N/A          63%         2
 Sublimation of Blood     Necr           0%           63%         2
 Conjure Flame            Conj/Fire      4%           71%         3


Dungeon Overview and Level Annotations

Branches:
Dungeon (3/15)

Altars:
The Shining One


Innate Abilities, Weirdness & Mutations

You are mostly covered in sharp spines.


Message History

You sock the orc!
You kill the orc!
An orc comes into view. It is wielding a +0 hand axe.
The orc priest looks satisfied for a moment.
You feel sick.
The orc priest casts a cantrip, but nothing happens.
Items here: ( )) ††.
The orc priest mumbles some strange prayers to Beogh against you.
Beogh smites you!
You are too injured to fight recklessly!
You are too injured to fight recklessly!
You are too injured to fight recklessly!
You are too injured to fight recklessly!
You are too injured to fight recklessly!
You are too injured to fight recklessly!
You are too injured to fight recklessly!
You are too injured to fight recklessly!
You are too injured to fight recklessly!
You are too injured to fight recklessly!
You are too injured to fight recklessly!
You are too injured to fight recklessly!
You are too injured to fight recklessly!
You are too injured to fight recklessly!
You are too injured to fight recklessly!
You are too injured to fight recklessly!
You are too injured to fight recklessly!
You are too injured to fight recklessly!
You are too injured to fight recklessly!
You are too injured to fight recklessly!
You are too injured to fight recklessly!
You are too injured to fight recklessly!
The dart slug launches a dart at you. The slug dart hits you.
* * * LOW HITPOINT WARNING * * *
The dart slug bites you.
* * * LOW HITPOINT WARNING * * *
You feel sick.
The orc priest calls down the wrath of Beogh upon you.
Beogh smites you!
You die...

#####...##.# ...#
..####...#.# #..#
#.....)..††###..#
#######..#...)..###
#..#....#...#
#.........#.#
##..##†.#.#...
##.##)....####...
#..#.#.#@.......
##.))#...####...
##...w#o# ##.....#
......o..#
#.##..#..### #.
#.##..# # #.##...
#.# .#.#


You could see an orc priest, a dart slug and an orc.

Vanquished Creatures
  A howler monkey (D:3)
  Natasha (thrice) (D:2)
  2 adders
  An ooze (D:2)
  A worm (D:2)
  A dart slug (D:1)
  3 leopard geckos (D:1)
  An orc (D:3)
  3 giant cockroaches
  11 goblins
  6 hobgoblins
  10 kobolds
  2 quokkas
  10 bats
  4 frilled lizards
  6 rats
65 creatures vanquished.

Notes
Turn   | Place    | Note
-------+----------+-------------------------------------------
     0 | D:1      | Chiseanne the Demonspawn Wanderer began the quest for the
                  | Orb.
     0 | D:1      | Chiseanne set off with the following items: a +0 dagger, a
                  | +0 robe, a phial of floods; and the following spell
                  | memorised: Magic Dart; and the following spells available
                  | to memorise: Corpse Rot, Sublimation of Blood, Conjure
                  | Flame
     0 | D:1      | Reached XP level 1. HP: 13/13 MP: 2/2
    75 | D:1      | Reached skill level 1 in Fighting
   112 | D:1      | Reached skill level 1 in Dodging
   112 | D:1      | Gained mutation: You are partially covered in sharp spines.
                  | [demonic ancestry]
   112 | D:1      | Reached XP level 2. HP: 21/21 MP: 3/3
   620 | D:1      | Gained mutation: You are mostly covered in sharp spines.
                  | [demonic ancestry]
   620 | D:1      | Reached XP level 3. HP: 22/27 MP: 4/4
   759 | D:2      | Noticed Natasha
   774 | D:2      | Killed Natasha
   775 | D:2      | Reached skill level 2 in Fighting
   815 | D:2      | Reached skill level 1 in Armour
   818 | D:2      | Reached XP level 4. HP: 9/33 MP: 5/5
  1390 | D:2      | Noticed Natasha
  1410 | D:2      | Killed Natasha
  1555 | D:2      | Noticed Natasha
  1567 | D:2      | Killed Natasha
  1568 | D:2      | Reached XP level 5. HP: 19/40 MP: 6/6
  1573 | D:2      | Chiseanne: filthy cat
  2067 | D:2      | Found a glowing golden altar of the Shining One.
  2209 | D:3      | Reached skill level 3 in Fighting
  2221 | D:3      | Killed from afar by an orc priest

Illustrated notes

Levels and vault maps discovered:
D:1:      mushboom_english_gardens, layout_loops_ring
D:2:      layout_rooms, lemuel_coloured_pillars_altar, uniq_natasha
D:3:      layout_rooms

Skill      XL: |  1  2  3  4  5 |
---------------+----------------+-----
Fighting       | 1 2 3 |  3.1
Dodging        | 1 2 |  2.8
Armour         | 1 2 |  2.2
Spellcasting   | |  1.0
Conjurations   | |  2.0
Transmutations | |  2.6
Ice Magic      | |  1.7
Evocations     | |  2.0

Action                   |  1- 3 |  4- 6 || total
-------------------------+-------+-------++-------
Melee: Short sword       |    23 |       ||    23
       Dagger            |     5 |       ||     5
       Mace              |    27 |    54 ||    81
Throw: Dart              |       |     4 ||     4
Evoke: Phial of floods   |       |     1 ||     1
  Use: Potion            |       |     1 ||     1
       Scroll            |       |     3 ||     3
Armor: Ring mail         |    13 |    22 ||    35
Dodge: Dodged            |    31 |    31 ||    62

Table legend: (Time is in decaauts)
 A = Elapsed time spent in this place.
 B = Non-inter-level travel time spent in this place.
 C = Inter-level travel time spent in this place.
 D = Time resting spent in this place.
 E = Time spent auto-exploring this place.
 F = Levels seen in this place.
 G = Mean time per level.
                   A        B        C        D        E       F      G
               +--------+--------+--------+--------+--------+-----+--------+
         Total |   2255 |   2237 |     18 |    739 |   1145 |   3 |  751.7 |
       Dungeon |   2255 |   2237 |     18 |    739 |   1145 |   3 |  751.7 |
               +--------+--------+--------+--------+--------+-----+--------+

Top non-repeatable levels by time:
     D:2: 1084 daAuts
     D:1: 1024 daAuts
     D:3: 146 daAuts
